 Dungeon Crawl Stone Soup version 0.26.1-2-gb8aa6d0cf2 (webtiles) character file.

Game seed: 9765246770266609124

368 DearestLeader the Geomancer (level 6, -18/32 HPs)
             Began as a Gargoyle Earth Elementalist on Mar 2, 2021.
             Demolished by a two-headed ogre
             ... wielding a +0 giant spiked club
              (23 damage)
             ... on level 3 of the Dungeon.
             The game lasted 00:07:42 (3697 turns).

DearestLeader the Geomancer (GrEE)                  Turns: 3697, Time: 00:07:43

Health: -18/32     AC:  6    Str: 12    XL:     6   Next: 69%
Magic:  0/9        EV: 12    Int: 23    God:
Gold:   227        SH:  0    Dex: 10    Spells: 0/9 levels left

rFire    . . .     SeeInvis .   j - +0 dagger (speed)
rCold    . . .     Faith    .   (no shield)
rNeg     + . .     Spirit   +   c - +0 robe
rPois    ∞         Reflect  .   (no helmet)
rElec    +         Harm     .   (no cloak)
rCorr    .         Rampage  .   (no gloves)
Will     +....                  (no boots)
Stlth    ++........             h - amulet of guardian spirit
HPRegen  0.10/turn              g - ring of willpower
MPRegen  0.11/turn              n - +6 ring of intelligence

@: no status effects
A: negative energy resistance 1, electricity resistance, unbreathing,
petrification resistance, miasma immunity, AC +4
a: no special abilities


You were on level 3 of the Dungeon.
You visited 1 branch of the dungeon, and saw 4 of its levels.

You collected 227 gold pieces.

Inventory:

Hand Weapons
 a - a +0 whip
 j - a +0 dagger of speed (weapon)
Missiles
 b - 106 stones
Armour
 c - a +0 robe (worn)
Jewellery
 g - a ring of willpower (left hand)
 h - an amulet of guardian spirit (around neck)
 n - a +6 ring of intelligence (right hand)
 p - an uncursed ring of resist corrosion
Wands
 q - a wand of flame (17)
Scrolls
 e - a scroll of fog
 i - a scroll of noise {unknown}
 l - 3 scrolls of identify
 m - a scroll of immolation {unknown}
 o - a scroll of remove curse
Potions
 d - 3 potions of heal wounds {unknown}
 f - a potion of attraction {unknown}
 k - 2 potions of degeneration {unknown}


   Skills:
 - Level 1.5 Dodging
 - Level 2.1 Stealth
 - Level 2.0 Spellcasting
 - Level 0.7 Transmutations
 * Level 8.8 Earth Magic


You couldn't memorise any spells.
You knew the following spells:

 Your Spells              Type           Power        Failure   Level
a - Sandblast             Erth           84%          1%          1
b - Stone Arrow           Conj/Erth      44%          6%          3
c - Lee's Rapid Deconstr  Erth           21%          10%         5

Your spell library contained the following spells:

 Spells                   Type           Power        Failure   Level
 Passwall                 Tmut/Erth      20%          2%          2
 Petrify                  Tmut/Erth      24%          19%         4


Dungeon Overview and Level Annotations

Branches:
Dungeon (4/15)
 Temple: D:4-7

Altars:
Fedhas


Innate Abilities, Weirdness & Mutations

You are resistant to torment.
Your stone body is resilient. (AC +4)
You are immune to poison.
You resist negative energy. (rN+)
You are resistant to electric shocks. (rElec)
You can survive without breathing.
You are immune to petrification.
You are immune to miasma.


Message History

You don't have enough magic to cast that spell.
Unknown command.
The two-headed ogre barely misses you. The two-headed ogre closely misses you.
Casting: Sandblast (safe; 1% risk of failure)
Confirm with . or Enter, or press ? or * to list all spells.
Aiming: Sandblast (safe; 1% risk of failure)
Press: ? - help, Shift-Dir - straight line, f/p - two-headed ogre
Aim: a two-headed ogre, wielding a +0 giant spiked club and a +0 giant club (heavily wounded, 8% to evade)
The blast of sand hits the two-headed ogre!
The two-headed ogre is severely wounded.
Casting: Sandblast (safe; 1% risk of failure)
Confirm with . or Enter, or press ? or * to list all spells.
Aiming: Sandblast (safe; 1% risk of failure)
Press: ? - help, Shift-Dir - straight line, f/p - two-headed ogre
Aim: a two-headed ogre, wielding a +0 giant spiked club and a +0 giant club (severely wounded, 8% to evade)
The blast of sand hits the two-headed ogre!
The two-headed ogre is almost dead.
The two-headed ogre hits you with a +0 giant spiked club!!
Ouch! That really hurt!
You die...

#.........#...#.#...#
#.........#####.#.#.#
######.#### #.#.#.# #.#
#.#.#.# #.## #...#.# #
#..## #####.# #######...#
#...#.# ..........#
#O#.#.# #.#.#.#.#.#
#@#.#.# ......[...#
#.#.#.# .#.#.#.#.##
#.#...#
..)......#######.#####
..#............#.#...#
..####.#########.#.#†#
### #.# #.#.#.#
..####.###### #.#.#.#
............####...#.####


You could see a two-headed ogre.

Vanquished Creatures
  An ogre (D:3)
  A phantom (D:4)
  2 hounds (D:4)
  5 adders
  3 dart slugs
  4 leopard geckos
  5 orcs
  3 giant cockroaches
  9 goblins
  9 hobgoblins
  8 jackals
  4 kobolds
  A quokka (D:3)
  10 bats
  2 frilled lizards (D:3)
  A jackal skeleton (D:4)
  6 rats
74 creatures vanquished.

Notes
Turn   | Place    | Note
-------+----------+-------------------------------------------
     0 | D:1      | DearestLeader the Gargoyle Earth Elementalist began the
                  | quest for the Orb.
     0 | D:1      | Reached XP level 1. HP: 10/10 MP: 3/3
   160 | D:1      | Reached skill level 4 in Earth Magic
   219 | D:1      | Reached XP level 2. HP: 15/15 MP: 5/5
   611 | D:1      | Reached skill level 5 in Earth Magic
   611 | D:1      | Reached XP level 3. HP: 19/19 MP: 6/6
   654 | D:1      | Learned a level 3 spell: Stone Arrow
  1780 | D:2      | Reached XP level 4. HP: 24/24 MP: 5/7
  2298 | D:3      | Reached skill level 6 in Earth Magic
  2652 | D:3      | Noticed an ogre
  2655 | D:3      | Killed an ogre
  2656 | D:3      | Reached skill level 7 in Earth Magic
  2656 | D:3      | Reached XP level 5. HP: 23/28 MP: 5/8
  2750 | D:3      | Found a blossoming altar of Fedhas.
  3241 | D:4      | Noticed a phantom
  3260 | D:4      | Killed a phantom
  3261 | D:4      | Reached skill level 8 in Earth Magic
  3261 | D:4      | Reached XP level 6. HP: 26/32 MP: 4/9
  3267 | D:4      | Learned a level 5 spell: Lee's Rapid Deconstruction
  3630 | D:4      | Noticed a two-headed ogre
  3697 | D:3      | Demolished by a two-headed ogre

Illustrated notes

Levels and vault maps discovered:
D:1:      psy_arrival_fountain, layout_loops_ring, hangedman_decor_opposing,
          minmay_misc_feat_columns
D:2:      layout_basic
D:3:      layout_rooms, fedhas_altar_fruit_tree, mrwooster_statue_mirror,
          roderic_serpentine_path, minmay_misc_feat_pillars,
          minmay_misc_feat_chi
D:4:      cheibrodos_helix_gallery, layout_gridville,
          minmay_misc_feat_more_columns

Skill      XL: |  1  2  3  4  5 |
---------------+----------------+-----
Earth Magic    | 4 5 7 8 |  8.8
Dodging        | |  1.5
Stealth        | |  2.1
Spellcasting   | |  2.0
Transmutations | |  0.7

Action                   |  1- 3 |  4- 6 || total
-------------------------+-------+-------++-------
Melee: Whip              |   121 |       ||   121
       Unarmed           |     7 |       ||     7
       Dagger            |     6 |   250 ||   256
 Cast: Sandblast         |     5 |    22 ||    27
  Use: Scroll            |     1 |     1 ||     2
 Stab: Sleeping          |     2 |     2 ||     4
Armor: Robe              |    45 |    90 ||   135
Dodge: Dodged            |    82 |   130 ||   212
